cohdb
Replays
Latest Replays
All Replays
Popular Replays
Top Player Replays
Match Explorer
How It Works
Community
CoH3 Stats
Reddit
Sign in to upload your games and track your stats! →
Sign in with Steam
Match 45758390
Unlisted
Match 45758390
Overview
Messages
Build Orders
End
Kettenkrad Recon Vehicle
Pioneer Squad
Construct Infanterie Kompanie
Grenadier Squad
Selects Mechanized Battlegroup
Selects Mechanized Battlegroup
Grenadier Squad
MG 42 Machine Gun Team
Construct Luftwaffe Kompanie
221 Scout Car
Selects Raid Package
Selects StuG Assault Group
Jäger Squad
StuG Assault Group
Jäger Squad
Selects Mobile Repair Stations
Jäger Squad
Selects Panther Heavy Tank
Panther Heavy Tank
Pioneer Squad
Medical Station
BIOHAZARD
john_wik
PvtBaker
FLYCAT
0
0
Comments
sign in to comment!
No comments posted yet!